 Dungeon Crawl Stone Soup version 0.27-b1-41-gafb5482f4b (webtiles) character file.

Game seed: 3737313578519075465

21 horus123 the Magician (level 3, 0/25 HPs)
             Began as a Djinni Hedge Wizard on July 28, 2021.
             Slain by a jackal (3 damage)
             ... on level 1 of the Dungeon.
             The game lasted 00:03:55 (982 turns).

horus123 the Magician (Djinni Hedge Wizard)          Turns: 982, Time: 00:03:56

Health: 0/25       AC:  2    Str:  9    XL:     3   Next: 5%
Gold:   11         EV: 12    Int: 16    God:
                   SH:  0    Dex: 12

rFire    + + .     SeeInvis .   a - +0 dagger
rCold    . . .     Faith    .   (no shield)
rNeg     . . .     Spirit   .   b - +0 robe
rPois    ∞         Reflect  .   c - +0 hat
rElec    .         Harm     .   (no cloak)
rCorr    .         Rampage  .   (no gloves)
Will     .....                  (boots unavailable)
Stlth    ++........             (no amulet)
HPRegen  0.08/turn              d - ring of protection from cold
MPRegen  0.00/turn              (no ring)

@: flying
A: sickness immunity, fire resistance 2, cold vulnerability 1, float, innate
caster, hp casting, extra vitality 1
a: no special abilities


You were on level 1 of the Dungeon.
You visited 1 branch of the dungeon, and saw 1 of its levels.

You collected 11 gold pieces.

Inventory:

Hand Weapons
 a - a +0 dagger (weapon)
Armour
 b - a +0 robe (worn)
 c - a +0 hat (worn)
Jewellery
 d - a ring of protection from cold (left hand)
Scrolls
 e - a scroll of enchant armour {unknown}
 f - a scroll of blinking {unknown}
 i - a scroll of brand weapon {unknown}
 j - a scroll of enchant weapon {unknown}
Potions
 g - a potion of haste {unknown}
 h - a potion of degeneration {unknown}
 k - a potion of flight {unknown}


   Skills:
 + Level 2.4 Dodging
 + Level 1.8 Stealth
 + Level 3.0 Spellcasting


You couldn't memorise any spells.
You knew the following spells:

 Your Spells              Type           Power      Damage    Failure   Level
a - Magic Dart            Conj           48%        1d5       5%          1
b - Blink                 Tloc           N/A        N/A       9%          2
c - Call Imp              Summ           12%        N/A       9%          2
d - Slow                  Hex            12%        N/A       9%          2
e - Conjure Flame         Conj/Fire      12%        6-21      16%         3
f - Mephitic Cloud        Conj/Pois/Air  12%        N/A       16%         3
g - Apportation           Tloc           24%        N/A       5%          1
Your spell library was empty.

Dungeon Overview and Level Annotations

Branches:
Dungeon (1/15)

Altars:


Innate Abilities, Weirdness & Mutations

You are immune to sickness and miasma.
You are immune to poison.
Your flesh is very heat resistant. (rF++)
You are vulnerable to cold. (rC-)
You float through the air rather than walking.
You learn spells naturally, not from books.
Your magical power is your life essence.
You have superior vitality. (+4 HP)


Message History

The jackal closely misses your crimson imp.
The jackal bites you but does no damage.
Your crimson imp misses the jackal.
The ball python bites you but does no damage.
The ball python barely misses you.
Your crimson imp hits the jackal but does no damage.
The jackal closely misses you.
Your crimson imp hits the jackal.
The jackal dies!
The jackal misses you. The jackal bites you.
* * * LOW HITPOINT WARNING * * *
Found a stone staircase leading down.
The jackal completely misses you.
Your crimson imp hits the jackal.
The ball python bites your crimson imp. The ball python grabs your crimson imp.
The ball python constricts your crimson imp.
Your crimson imp struggles to escape constriction.
The ball python bites your crimson imp but does no damage.
The ball python constricts your crimson imp.
The jackal misses you.
A frilled lizard comes into view.
The ball python bites your crimson imp.
The ball python constricts your crimson imp.
Your crimson imp struggles to escape constriction.
The ball python bites your crimson imp.
The ball python constricts your crimson imp.
Your crimson imp hits the ball python.
The jackal bites you but does no damage.
The ball python loses its grip on your crimson imp.
The jackal closely misses you.
The ball python bites your crimson imp but does no damage.
The ball python misses your crimson imp.
The jackal barely misses you.
The jackal bites you but does no damage.
The jackal closely misses you. The jackal closely misses you.
A bat comes into view.
The jackal bites you.
You die...

......#.#.......
........................#..
................ ..........
......# .......###..#....# #
......# #.# #....#.......#.##
.....####.###...............
.......##.#.......b..!..#.#
.......##.#...............# #
.......##.#...Sh@..)....###.#
#..(......#.g#.r............#
#....###)....#............##
#.........................#
#....###.##..#.........#..#
.....###.##..#.#...##.## .#
.............#5#...##.# #
.........###.#l....##.# #.
.######.#.g......#


You could see a jackal (ally target), a hobgoblin, a bat, a ball python, a
frilled lizard, a rat and a friendly crimson imp (summoned).

Vanquished Creatures
  An endoplasm (D:1)
  A giant cockroach (D:1)
  2 jackals (D:1)
  5 kobolds (D:1)
  A quokka (D:1)
10 creatures vanquished.

Vanquished Creatures (collateral kills)
  A bat (D:1)
  A goblin (D:1)
  3 jackals (D:1)
  3 ball pythons (D:1)
  A frilled lizard (D:1)
  A rat (D:1)
10 creatures vanquished.

Grand Total: 20 creatures vanquished

Notes
Turn   | Place    | Note
-------+----------+-------------------------------------------
     0 | D:1      | horus123 the Djinni Hedge Wizard began the quest for the
                  | Orb.
     0 | D:1      | Reached XP level 1. HP: 15/15 MP: 0/0
   411 | D:1      | Reached XP level 2. HP: 10/21 MP: 0/0
   943 | D:1      | Reached skill level 3 in Spellcasting
   954 | D:1      | HP: 1/21 [ball python (3)]
   955 | D:1      | Reached XP level 3. HP: 1/25 MP: 0/0
   955 | D:1      | Learned a level 1 spell: Apportation
   962 | D:1      | HP: 1/25 [jackal (1)]
   982 | D:1      | Slain by a jackal

Illustrated notes

Levels and vault maps discovered:
D:1:      elethiomel_arrival_infinity_welcomes_careful_drivers, layout_basic,
          minmay_circled_x

Skill      XL: |  1  2 |
---------------+-------+-----
Spellcasting   | 3 |  3.0
Dodging        | |  2.4
Stealth        | |  1.8

Action                   || total
-------------------------++-------
Melee: Dagger            ||     4
 Cast: Magic Dart        ||    33
       Call Imp          ||     7
       Blink             ||     1
Armor: Robe              ||    10
Dodge: Dodged            ||    32
